Cogmind - Beta 13 @@@ ROGUE MODE // 2024.07.20 @ 22:22:53 Player: Wonda Result: Destroyed by H-55 Commando with Gauss Rifle Performance ------------- Evolutions (2) 1000 Regions Visited (4) 800 Robots Destroyed (32) 160 Value Destroyed (772) 772 Prototype IDs (1) 20 Alien Tech Used (0) 0 Bonus (16) 16 TOTAL SCORE: 2768 Bonus ------- High Alert Combat Kills 16 Cogmind --------- Core Integrity 0/550 Matter 300/300 Energy 100/100 System Corruption 0% Temperature Cool (0) Movement Core (50) Location -8/Materials Parts ------- > --- POWER (1) -------- (None) > --- PROPULSION (4) --- (None) > --- UTILITY (4) ------ Terrain Scan Processor Targeting Computer > --- WEAPON (2) ------- (None) > --- INVENTORY (5) ---- Improved Heat Sink Improved Datajack Peak State ------------ > --- POWER ------------ Light Nuclear Core > --- PROPULSION ------- Improved Aluminum Leg Improved Aluminum Leg Improved Aluminum Leg Improved Aluminum Leg > --- UTILITY ---------- Small Storage Unit Terrain Scanner > --- WEAPON ----------- Improved Medium Laser Improved Medium Laser > --- INVENTORY -------- Ion Engine Ion Engine Aluminum Leg Aluminum Leg Heat Sink Improved Medium Laser Improved Medium Laser [Rating: 20] Favorites ----------- Power Ion Engine Engine Ion Engine Power Core Light Nuclear Core Propulsion Improved Aluminum Leg Leg Improved Aluminum Leg Wheel Wheel Utility Small Storage Unit Device Sensor Array Storage Small Storage Unit Processor Targeting Computer Hackware Hacking Suite Weapon Improved Medium Laser Energy Gun Improved Medium Laser Special Weapon Welding Torch Special Melee Weapon Improved Datajack Build | -11 -10 -10 -9 -8 ------- Run | Yrd Mat Min Mat Mat Slots Evolved 4 | . . . 2 2 Power . | . . . . . Propulsion 2 | . . . 2 . Utility 2 | . . . . 2 Weapon . | . . . . . Parts Attached 38 | 6 6 1 11 14 Power 7 | 1 1 . 4 1 Engine 6 | 1 1 . 3 1 Core 1 | . . . 1 . Reactor . | . . . . . Propulsion 13 | 2 2 . 5 4 Treads . | . . . . . Leg 12 | 2 2 . 5 3 Wheel 1 | . . . . 1 Hover . | . . . . . Flight . | . . . . . Utility 8 | 1 1 1 1 4 Device 4 | . 1 1 1 1 Storage 1 | 1 . . . . Processor 2 | . . . . 2 Hackware 1 | . . . . 1 Protection . | . . . . . Artifact . | . . . . . Weapon 10 | 2 2 . 1 5 Energy Gun 8 | 2 2 . 1 3 Energy Cannon . | . . . . . Ballistic Gun . | . . . . . Ballistic Cannon . | . . . . . Launcher . | . . . . . Special Weapon 1 | . . . . 1 Impact Weapon . | . . . . . Slashing Weapon . | . . . . . Piercing Weapon . | . . . . . Special Melee Weapon 1 | . . . . 1 Unidentified Prototypes 1 | . 1 . . . Parts Lost 21 | . . . 3 18 Power 2 | . . . . 2 Propulsion 11 | . . . 3 8 Utility 3 | . . . . 3 Weapon 5 | . . . . 5 Highest Loss Streak 18 | . . . 2 18 To Critical Strikes . | . . . . . Average Slot Usage (%) 92 | . 86 100 97 88 Engine 9 | . 14 14 7 7 Leg 32 | . 28 28 42 30 Device 10 | . 1 14 11 12 Storage 10 | . 14 14 11 8 Processor 2 | . . . . 5 Hackware 3 | . . . . 8 Energy Gun 21 | . 28 28 22 14 Naked Turns . | . . . . . Heaviest Build 18 | 14 17 17 17 18 Greatest Support 52 | 20 26 26 52 46 Greatest Overweight (x) 1 | 1 . . . 1 Average Overweight (x) . | . . . . . Largest Inventory Capacity 8 | 8 8 8 8 8 Average Capacity 7 | 6 8 8 8 7 Most Carried 8 | 2 6 6 7 8 Average Carried 5 | . 3 5 5 6 Final Capacity 8 | 8 8 8 8 5 Final Carried 7 | 1 5 6 7 2 Class Distribution -------------------- 57% | Mutant 42% | Scavenger-Mutant Dominant Class ---------------- Mutant | -10/Materials Mutant | -10/Mines Mutant | -9/Materials Scavenger-Mutant | -8/Materials Resources | -11 -10 -10 -9 -8 ----------- Run | Yrd Mat Min Mat Mat Matter Collected 480 | 203 91 36 95 55 Remotely . | . . . . . Salvage Created 958 | . 200 109 479 170 Parts 68 | . 14 7 33 14 Haulers Intercepted . | . . . . . Recyclers Shooed . | . . . . . Parts Field Recycled . | . . . . . Retrieved Matter . | . . . . . Parts Self-Destructed . | . . . . . Prevented . | . . . . . Kills | -11 -10 -10 -9 -8 ------- Run | Yrd Mat Min Mat Mat Combat Hostiles Destroyed 27 | . 6 6 13 2 Guns 27 | . 6 6 13 2 Classes Destroyed 10 | . 2 1 3 4 Worker 1 | . . 1 . . Builder 1 | . . . . 1 Mechanic 1 | . . . . 1 Operator 1 | . . . . 1 Watcher 1 | . . . 1 . Swarmer 12 | . 2 6 4 . Grunt 12 | . 4 . 7 1 Duelist 1 | . . . 1 . Sentry 1 | . . . 1 . Hunter 1 | . . . . 1 Best Kill Streak 6 | . 4 4 6 1 Combat Bots Only 6 | . 4 3 6 1 Max Kills in Single Turn 2 | . 1 2 2 1 Gunslinging 1 | . . 1 1 . Exploded . | . . . . . Melee . | . . . . . Uniques/NPCs Destroyed . | . . . . . Combat | -11 -10 -10 -9 -8 -------- Run | Yrd Mat Min Mat Mat Hostile Shots Fired 249 | . 36 23 57 133 Missed 69 | . 11 10 16 32 Damage Taken 2609 | . 245 107 535 1722 Core 764 | . 75 24 103 562 Absorbed by Shields . | . . . . . Core Remaining (%) 78 | 100 . 60 74 . Volleys Fired 82 | . 13 10 34 25 Largest 2 | . 2 2 2 2 Hottest 112 | . 112 112 112 112 Shots Fired 158 | . 26 20 68 44 Gun 156 | . 26 20 68 42 Cannon . | . . . . . Launcher . | . . . . . Special 2 | . . . . 2 Kinetic . | . . . . . Thermal 158 | . 26 20 68 44 Explosive . | . . . . . Electromagnetic . | . . . . . Robot Hit Streak 7 | . 3 3 5 7 Robot Miss Streak 6 | . 5 6 4 3 Penetration Max . | . . . . . Secondary Targets 8 | . 2 2 4 . Max Gunslinging Chain 1 | . 1 1 1 . Shots Hit Robots 83 | . 12 8 35 28 Core Hits 52 | . 6 7 17 22 Critical Kills . | . . . . . Critical Parts Destroyed . | . . . . . Critical Strikes 9 | . 1 2 5 1 Burn 9 | . 1 2 5 1 Melee Attacks 3 | . . . . 3 Impact . | . . . . . Slashing . | . . . . . Piercing . | . . . . . Sneak Attacks . | . . . . . Combat Hostiles . | . . . . . Follow-up Attacks . | . . . . . Damage Inflicted 1453 | . 203 173 597 480 Guns 1386 | . 203 173 597 413 Cannons . | . . . . . Explosions . | . . . . . Melee . | . . . . . Ramming 62 | . . . . 62 Kinetic . | . . . . . Thermal 1391 | . 203 173 597 418 Explosive . | . . . . . Electromagnetic . | . . . . . Impact . | . . . . . Slashing . | . . . . . Piercing . | . . . . . Highest Corruption . | . . . . . Average Corruption . | . . . . . Corruption Purged . | . . . . . Corruption Blocked . | . . . . . Overload Shots . | . . . . . Overflow Damage . | . . . . . Projectiles . | . . . . . Explosions . | . . . . . Melee . | . . . . . Knockbacks 1 | . . . . 1 Impact 1 | . . . . 1 Kinetic . | . . . . . Secondary . | . . . . . Self-Inflicted Damage 23 | . . . . 23 Shots . | . . . . . Rammed 14 | . . . . 14 Targets Rammed 20 | . . . . 20 Kicked 6 | . . . . 6 Crushed . | . . . . . Highest Temperature 430 | . 272 301 377 430 Average Temperature 132 | . 95 129 145 137 Received Heat Transfer 1068 | . 78 . 180 810 Effects 3 | . . . 1 2 Shutdowns 2 | . . . 1 1 Matter Decay 1 | . . . . 1 Siege Activations . | . . . . . Robots Corrupted . | . . . . . Combat Hostiles . | . . . . . Parts Fried . | . . . . . Impact Corruptions . | . . . . . Robots Melted . | . . . . . Combat Hostiles . | . . . . . Parts Melted 10 | . 2 3 3 2 Heat Transferred 3713 | . 518 518 1665 1012 Parts Sabotaged . | . . . . . Parts Stolen . | . . . . . Parts Stripped . | . . . . . Power Chain Reactions . | . . . . . Alert | -11 -10 -10 -9 -8 ------- Run | Yrd Mat Min Mat Mat Peak Influence 424 | . 160 167 424 283 Initial 178 | . . 62 65 178 Average 144 | . 51 135 201 166 Maximum Alert Level 2 | . . . 2 1 Low Security (%) 78 | 100 100 100 60 70 Level 1 17 | . . . 25 29 Level 2 3 | . . . 13 . Level 3 . | . . . . . Level 4 . | . . . . . Level 5 . | . . . . . High Security . | . . . . . Max Security . | . . . . . Squads Dispatched 4 | . 2 . 2 . Investigation 1 | . 1 . . . Extermination . | . . . . . Reinforcement 3 | . 1 . 2 . Assault . | . . . . . Garrison . | . . . . . Intercept . | . . . . . Searches Triggered . | . . . . . Construction Impeded 1 | . . . 1 . Haulers Reinforced . | . . . . . Active Scanning Responses . | . . . . . Cargo Convoy Interrupts . | . . . . . Stealth | -11 -10 -10 -9 -8 --------- Run | Yrd Mat Min Mat Mat Distress Signals 1 | . . . 1 . Communications Jammed . | . . . . . Distress Signals . | . . . . . Times Spotted 43 | . 10 5 18 10 Peak Tracking Total 6 | . 5 2 5 6 Tactical Retreats 2 | . 1 . 1 . Traps | -11 -10 -10 -9 -8 ------- Run | Yrd Mat Min Mat Mat Traps Triggered . | . . . . . Indirectly . | . . . . . Trap Hack Attempts . | . . . . . Triggered . | . . . . . Disarmed . | . . . . . Reprogrammed . | . . . . . Reused . | . . . . . Traps Extracted . | . . . . . Installed . | . . . . . Triggered . | . . . . . Machines | -11 -10 -10 -9 -8 ---------- Run | Yrd Mat Min Mat Mat Machines Disabled 2 | . . . . 2 Max in Single Turn 1 | . . . . 1 Machines Repaired . | . . . . . Machines Dismantled . | . . . . . Machines Sabotaged . | . . . . . Overloaded Fab Kills . | . . . . . Hacking | -11 -10 -10 -9 -8 --------- Run | Yrd Mat Min Mat Mat Machines Accessed 5 | . 1 . 1 3 Terminals 4 | . 1 . . 3 Fabricators . | . . . . . Repair Stations . | . . . . . Recycling Units 1 | . . . 1 . Scanalyzers . | . . . . . Garrison Access . | . . . . . Total Hacks 18 | . 3 . 1 14 Successful 10 | . 1 . 1 8 Failed 6 | . 2 . . 4 Catastrophic 1 | . . . . 1 Database Lockouts 2 | . . . . 2 Manual 4 | . 1 . . 3 Terminals 17 | . 3 . . 14 Fabricators . | . . . . . Repair Stations . | . . . . . Recycling Units 1 | . . . 1 . Scanalyzers . | . . . . . Garrison Access . | . . . . . Terminal Hacks 9 | . 1 . . 8 Record 6 | . . . . 6 Robot Analysis 1 | . 1 . . . Dispatch Records 1 | . . . . 1 Transport Status 1 | . . . . 1 Fabricator Hacks . | . . . . . Repair Station Hacks . | . . . . . Recycling Unit Hacks 1 | . . . 1 . Report Inventory 1 | . . . 1 . Scanalyzer . | . . . . . Garrison Access Hacks . | . . . . . Unauthorized Hacks . | . . . . . Terminals . | . . . . . Fabricators . | . . . . . Repair Stations . | . . . . . Recycling Units . | . . . . . Scanalyzers . | . . . . . Garrison Access . | . . . . . Data Cores Recovered 1 | . . . . 1 Used . | . . . . . Hacking Detections 5 | . 1 . 1 3 Full Trace Events 2 | . 1 . . 1 Feedback Events . | . . . . . Feedback Blocked . | . . . . . Robot Schematics Acquired . | . . . . . Robots Built . | . . . . . Authchips . | . . . . . Time . | . . . . . Total Robot Build Rating . | . . . . . Part Schematics Acquired . | . . . . . Parts Built . | . . . . . Authchips . | . . . . . Time . | . . . . . Total Part Build Rating . | . . . . . Parts Repaired . | . . . . . Time . | . . . . . Parts Recycled . | . . . . . Recycled Matter . | . . . . . Retrieved Matter . | . . . . . Retrieved Components . | . . . . . Parts Scanalyzed . | . . . . . Part Schematics Acquired . | . . . . . Parts Damaged . | . . . . . Bothacking | -11 -10 -10 -9 -8 ------------ Run | Yrd Mat Min Mat Mat Used RIF Installer . | . . . . . Robots Hacked 1 | . . . . 1 Non-combat . | . . . . . Combat 1 | . . . . 1 Robot Hacks Applied 1 | . . . . 1 parse_system 1 | . . . . 1 Relay Couplers Released . | . . . . . Fabnet Peak Effective % . | . . . . . Robots Rewired . | . . . . . Allies Hacked . | . . . . . Hacks Repelled . | . . . . . Allies | -11 -10 -10 -9 -8 -------- Run | Yrd Mat Min Mat Mat Total Allies 2 | . . 2 . . Largest Group 2 | . . 2 . . Highest-Rated Group 42 | . . 42 . . Highest-Rated Ally 31 | . . 31 . . Total Orders . | . . . . . Ally Attacks 3 | . . 3 . . Total Damage 63 | . . 63 . . Kills . | . . . . . Allies Corrupted . | . . . . . Allies Melted . | . . . . . Intel | -11 -10 -10 -9 -8 ------- Run | Yrd Mat Min Mat Mat Robot Analysis Total 1 | . 1 . . . Derelict Logs Recovered . | . . . . . Drone Launches . | . . . . . Drone Recoveries . | . . . . . Exploration | -11 -10 -10 -9 -8 ------------- Run | Yrd Mat Min Mat Mat Turns Passed 1382 | 53 230 219 328 552 Spaces Moved 737 | 37 142 156 156 246 Core 27 | 10 . . . 17 Treads . | . . . . . Legs 683 | 27 142 156 156 202 Wheels 27 | . . . . 27 Hover . | . . . . . Flight . | . . . . . Fastest Speed 50 | 50 120 120 120 50 Average Speed 116 | 110 120 120 120 112 Slowest Speed 190 | 120 120 120 120 190 Overloaded Moves . | . . . . . Propulsion Burnouts . | . . . . . Robots Hopped . | . . . . . Cave-ins Triggered . | . . . . . Exploration Rate (%) 18 | 3 15 42 12 19 Regions Visited 4 Branch Regions 1 Pre-discovered Areas . | . . . . . Known Exits Taken . | . . . . . Unknown Exits Taken 4 | 1 1 1 1 . Scrap Searched 1 | . . 1 . . Spaces Dug . | . . . . . Terrain Destroyed . | . . . . . Melee . | . . . . . Projectile . | . . . . . AOE . | . . . . . Terrain Rammed . | . . . . . Walls Destroyed . | . . . . . Machines Disabled . | . . . . . Actions | -11 -10 -10 -9 -8 --------- Run | Yrd Mat Min Mat Mat Total 1096 | 48 177 167 226 478 Wait 183 | . 4 . 19 160 Move 733 | 36 141 155 155 246 Hop . | . . . . . Pick Up 26 | 6 6 1 6 7 Fast Attach 4 | 1 1 . 1 1 Attach 24 | 5 2 . 5 12 Detach 3 | . 2 . . 1 Swap 10 | . 3 1 5 1 Drop 8 | . 5 . 1 2 Fire 82 | . 13 10 34 25 Melee 3 | . . . . 3 Ram 14 | . . . . 14 Kick 6 | . . . . 6 Crush . | . . . . . Escape Stasis . | . . . . . Rewire . | . . . . . Trap . | . . . . . Miscellaneous . | . . . . . Route ------- -11/Scrapyard -10/Materials -10/Mines -9/Materials -8/Materials History --------- Turn | Location | Event 6 | -11/Scrapyard | Discovered new exit (range 16) 54 | -11/Scrapyard | Entered Materials 251 | -10/Materials | Discovered new exit (range 16) 284 | -10/Materials | Entered Mines 309 | -10/Mines | Build established: Mutant 335 | -10/Mines | Assembled infested the area 340 | -10/Mines | Assisted by a Guerilla fighting off Assembled 384 | -10/Mines | Lost 3 allies 492 | -10/Mines | Discovered new exit (range 8) 503 | -10/Mines | Entered Materials 503 | -9/Materials | Evolved 2 slots: Propulsion x2 821 | -9/Materials | Discovered new exit (range 7) 831 | -9/Materials | Entered another Materials area 831 | -8/Materials | Evolved 2 slots: Utility x2 872 | -8/Materials | Central database locked down 872 | -8/Materials | Central database locked down 1034 | -8/Materials | Build established: Scavenger-Mutant 1353 | -8/Materials | Core integrity fell below 50% 1373 | -8/Materials | Core integrity fell below 20% 1383 | -8/Materials | Destroyed by H-55 Commando with Gauss Rifle Last Messages --------------- Slammed into U-05 Engineer. U-05 Engineer destroyed. Acquired 15 matter. Acquired Welding Torch. Acquired Wheel. Acquired Terrain Scan Processor. Welding Torch destroyed. Slammed into G-47 Trooper. Penetrated by Slug. Hacking Suite destroyed. Wheel destroyed. Slammed into H-55 Commando. Terrain Scan Processor broken. Destabilizing: Short circuit. Penetrated by Slug. Slammed into H-55 Commando. Destabilizing: System interference. Targeting Computer temporarily disabled. Slammed into H-55 Commando. Penetrated by Slug. Map ----- +----------------------------------------------------+ | ??#???????????????# #???# #?????????????????? | | ??# ??????????????# #???# #?????????????????? | | ??# ?????????????# #???# #?????????????????? | | ??# ??????####### %! #???# #?????????????????? | | ??# ####### ###=######## ##????????????????? | | ??# #????????????????? | | ??# #????????????????? | | ??# #????????????????? | | ??#######+### ########### #????????????????? | | ???????# ###+#######?????# #????????????????? | | ######## # =% #?????# #????????????????? | | ## # ""! = #?????# #????????????????? | | % ## #""" #?????# #????????????????? | | / #""""" #?????# #????????????????? | | ####+########"""" #?????# #????????????????? | | # #??# """ #?????# #????????????????? | | # #??# #?????# #????????????????? | | # #??# #?????# #????????????????? | | # #??###########?????# #????????????????? | | # #?????????########## #????????????????? | | # #?????????# """ # ############?????? | | # #?????????# "T" [ # ????? | | # #?????????# # ????? | | # #?????????# ]!! # ????? | | ##########?????????#| ]!h %+ #############????? | | ???????????????????# ]!@%%# #????????????????? | | ???????????????????########## #????????????????? | | ????????????????????????????# #????????????????? | | ????????????????????????????# #????????????????? | | ????????????????????????????# #????????????????? | | ????????????????????????????# #????????????????? | | ????????????????????????????+ #????????????????? | | ????????????????????????????# #????????????????? | | ????????????????????????????# #????????????????? | | ????????????????????????????? #????????????????? | | ????????????????????????????? #????????????????? | | ????????????????????????????? +????????????????? | | ????????????????????????????? #????????????????? | | ?????????????????????????????# ##????????????????? | | ??????????????????????????????+??????????????????? | | ?????????????????????????????????????????????????? | | ?????????????????????????????????????????????????? | | ?????????????????????????????????????????????????? | | ?????????????????????????????????????????????????? | | ?????????????????????????????????????????????????? | | ?????????????????????????????????????????????????? | | ?????????????????????????????????????????????????? | | ?????????????????????????????????????????????????? | | ?????????????????????????????????????????????????? | | ?????????????????????????????????????????????????? | +----------------------------------------------------+ Best States ------------- Heat Dissipation 41 Energy Generation 14 Energy Capacity 250 Matter Stores 300 Matter Capacity 300 Sight Range 16 Robot Scan Range 14 Terrain Scan Range 14 Terrain Scan Density 85 Evasion (%) 55 Targeting Accuracy 5 Offensive Hacking 10 Item Schematics ----------------- None Robot Schematics ------------------ None Fabricated ------------ Nothing Alien Tech Used ----------------- None Achievements -------------- None Challenges ------------ None Game ------ Seed WeldingResetTendrils Manual? 0 Play Time 00:30:44 Cumulative 4.2 hours Start 2024.07.20 @ 20:12:39 End 2024.07.20 @ 22:22:53 Sessions 2 Manual Loads 0 Difficulty Rogue Special Mode None Game No. 5 Rogue 5 Adventurer 0 Explorer 0 Win Type - Total 0 Types 0/0/0/0/0/0/0/0/0 Lore% 8 Gallery% 9 Achievement% 8 Wizard Run 0 Options --------- Layout 1 ASCII 0 Keyboard 0 Movement Mouse Keybinds 0 Fullscreen 1 Font 16/SmallcapsGlow Map View 50x35 Zoom Use 5% Tactical HUD 0 Map Filters NONE Filters NONE Steam SD RUN: 8c24b46e-4592-41f6-98bd-498cc74e7950